 Dungeon Crawl Stone Soup version 0.31-a0-236-g9a0961fb85 (webtiles) character file.

Game seed: 2523822517066415577

407 qw the Shooter (level 6, -7/38 HPs)
             Began as a Gargoyle Hexslinger on July 10, 2023.
             Mangled by an ogre
             ... wielding a +0 giant club
              (11 damage)
             ... on level 4 of the Dungeon.
             The game lasted 00:01:28 (3497 turns).

qw the Shooter (Gargoyle Hexslinger)                Turns: 3497, Time: 00:01:28

Health: -7/38      AC:  7    Str: 12    XL:     6   Next: 88%
Magic:  7/7        EV: 11    Int: 13    God:
Gold:   91         SH:  5    Dex: 14    Spells: 6/7 levels left

rFire   . . .        Y - +1 sling
rCold   . . .        (no shield)
rNeg    + . .        e - +0 leather armour
rPois   inf          (no helmet)
rElec   +            (no cloak)
rCorr   .            (no gloves)
SInv    .            (no boots)
Will    .....        b - amulet of reflection
Stlth   +            (no ring)
HPRegen 0.26/turn    (no ring)
MPRegen 0.10/turn

%: reflection
@: about to teleport
A: sickness immunity, AC +4, negative energy resistance 1, electricity
resistance, torment resistance 1, petrification resistance
a: no special abilities


You were on level 4 of the Dungeon.
You visited 1 branch of the dungeon, and saw 4 of its levels.

You collected 133 gold pieces.
You spent 42 gold pieces at shops.


Innate Abilities, Weirdness & Mutations

You are immune to sickness and miasma.
Your stone body is resilient. (AC +4)
You are immune to poison.
You resist negative energy. (rN+)
You are resistant to electric shocks. (rElec)
You are resistant to unholy torment.
You are immune to petrification.


   Skills:
 - Level 4.1 Fighting
 + Level 6.0 Ranged Weapons
 - Level 1.5 Dodging
 - Level 1.0 Spellcasting
 - Level 2.6 Hexes


You had 6 spell levels left.
You knew the following spells:

 Your Spells              Type           Power      Damage    Failure   Level
a - Slow                  Hex            28%        N/A       12%         1

Your spell library contained the following spells:

 Spells                   Type           Power      Damage    Failure   Level
 Inner Flame              Hex/Fire       4%         N/A       52%         3
 Portal Projectile        Hex/Tloc       8%         N/A       52%         3
 Cause Fear               Hex            3%         N/A       75%         4

Inventory:

Hand Weapons
 Y - a +1 sling (weapon)
Armour
 e - a +0 leather armour (worn)
 i - a +0 ring mail
 k - a +3 leather armour of willpower
Jewellery
 b - an amulet of reflection (around neck)
 n - a +6 ring of strength
 o - the ring "Faogaqut" {+Blink MP+9 SInv Stlth+}
   (You found it on level 4 of the Dungeon)

   [ring of magical power]

   MP:        It affects your magic capacity (+9).
   SInv:      It lets you see invisible.
   +Blink:    It lets you blink.
   Stlth:     It makes you more stealthy.
Scrolls
 c - a scroll of immolation {unknown}
 l - a scroll of vulnerability {unknown}
Potions
 a - a potion of cancellation {unknown}
 d - a potion of curing {unknown}
 g - a potion of brilliance {unknown}
 h - a potion of attraction {unknown}
 j - a potion of resistance {unknown}
 m - a potion of might {unknown}

Dungeon Overview and Level Annotations

Branches:
Dungeon (4/15)
 Temple: D:4-7

Altars:
Makhleb
Qazlal
Wu Jian

Shops:
D:3 *

Annotations:
D:4 1 transporter, qw's ghost, amateur GrHs


Message History

Enter note: An ogre comes into view. It is wielding a +0 giant club.
The ogre shouts!
Enter note:
Enter note:
Enter note:
Enter note:
Enter note:
Enter note:
Enter note:
Enter note:
Enter note:
Enter note:
Enter note:
Enter note:
Enter note:
Enter note:
Enter note: You shoot a sling bullet.
The sling bullet hits the ogre.
The ogre is lightly wounded.
You shoot a sling bullet. The sling bullet hits the ogre.
The ogre is moderately wounded.
You shoot a sling bullet. The sling bullet hits the ogre.
The ogre is moderately wounded.
The ogre hits you with a +0 giant club!!
Ouch! That really hurt!
You shoot a sling bullet.
The sling bullet hits the ogre but does no damage.
The ogre is moderately wounded.
The ogre hits you with a +0 giant club!
3495 ||| READING scroll of teleportation.
As you read the scroll of teleportation, it crumbles to dust.
You feel strangely unstable. The ogre misses you.
You shoot a sling bullet. The sling bullet hits the ogre.
The ogre is heavily wounded.
You shoot a sling bullet.
The sling bullet barely misses the ogre.
The ogre hits you with a +0 giant club!
You die...

#..##.##.........#
...##.##.#######.#
.####.##.#.....#.#
......##.#.###.#.#
.#######.#.###.#.#
.........#.#...#.#
.####.#..#.......#
......#..###.######
.####.#.........@.#
.<..#.#.####.#..#O#
#.#.#.#.# #.#.<#.#
#.....#.# #.#..#.#
......#.# #.#..#.#
#####.#.# #....#.#
....#.#. #.#.##.#
###.#.#. ....# .# #
#.# ###


You could see an ogre.

Vanquished Creatures
  2 scorpions
  2 jellies (D:4)
  2 orc priests (D:4)
  Ijyb (D:4)
  4 adders
  An ufetubus (D:4)
  3 worms
  3 dart slugs (D:1)
  6 orcs (D:4)
  8 bats
  2 endoplasms
  3 giant cockroaches
  3 goblins
  3 hobgoblins
  8 jackals
  3 quokkas
  11 ball pythons
  5 frilled lizards
  3 kobolds (D:1)
  5 rats
78 creatures vanquished.

Notes
Turn   | Place    | Note
-------+----------+-------------------------------------------
     0 | D:1      | qw the Gargoyle Hexslinger began the quest for the Orb.
     0 | D:1      | Reached XP level 1. HP: 12/12 MP: 2/2
     0 | D:1      | 0 ||| qw: Version: 0.3-a-52-g30416fa
     0 | D:1      | 0 ||| qw: Game counter: 4898
     0 | D:1      | 0 ||| qw: Melee chars always use a shield: true
     0 | D:1      | 0 ||| qw: God list: Okawaru
     0 | D:1      | 0 ||| qw: Allow faded altars: false
     0 | D:1      | 0 ||| qw: Do Orc after clearing Dungeon:15 true
     0 | D:1      | 0 ||| qw: Do second Lair branch before Depths: true
     0 | D:1      | 0 ||| qw: Lair rune preference: random
     0 | D:1      | 0 ||| qw: Goals: Normal
     0 | D:1      | 0 ||| PLANNING D:1-11
   135 | D:1      | Reached XP level 2. HP: 16/16 MP: 3/3
   188 | D:1      | Reached skill level 3 in Ranged Weapons
   408 | D:1      | Reached XP level 3. HP: 21/21 MP: 4/4
   811 | D:1      | 811 ||| UPGRADING to +0 leather armour.
   821 | D:1      | 821 ||| DROPPING +0 robe.
   822 | D:1      | 822 ||| READING scroll labelled FAIRCH PIPPIMUASE.
   823 | D:1      | 823 ||| DROPPING scroll of poison.
   909 | D:2      | Found a stormy altar of Qazlal.
  1399 | D:2      | Reached XP level 4. HP: 26/26 MP: 5/5
  1539 | D:2      | 1539 ||| UPGRADING to amulet of reflection.
  1544 | D:2      | 1544 ||| DROPPING ring of flight.
  1545 | D:2      | 1545 ||| READING scroll labelled RIDOAD NAPY.
  1609 | D:3      | Reached skill level 4 in Ranged Weapons
  1766 | D:3      | Found Ofujeli's General Store.
  1772 | D:3      | 1772 ||| SHOPLISTING ring of positive energy (280 gold,
                  | have 92).
  1772 | D:3      | 1772 ||| SHOPLISTING ring of protection from fire (350
                  | gold, have 92).
  1772 | D:3      | 1772 ||| BUYING scroll of teleportation (42 gold).
  1772 | D:3      | Bought a scroll of teleportation for 42 gold pieces
  1772 | D:3      | 1772 ||| SHOPLISTING wand of digging (1) (58 gold, have
                  | 50).
  2183 | D:3      | 2183 ||| READING scroll labelled LEOWNO COZU.
  2184 | D:3      | 2184 ||| READING scroll labelled RIDU GAXYRE.
  2209 | D:4      | Noticed a scorpion
  2217 | D:4      | 2217 ||| STAIRDANCE
  2226 | D:3      | Killed a scorpion
  2227 | D:3      | Reached skill level 5 in Ranged Weapons
  2227 | D:3      | Reached XP level 5. HP: 10/30 MP: 6/6
  2371 | D:4      | Reached skill level 3 in Fighting
  2388 | D:4      | Reached XP level 6. HP: 30/37 MP: 7/7
  2437 | D:4      | Found an ornate altar of the Wu Jian Council.
  2437 | D:4      | Noticed Ijyb
  2441 | D:4      | 2441 ||| FLEEEEING.
  2442 | D:4      | 2442 ||| FLEEEEING.
  2443 | D:4      | 2443 ||| FLEEEEING.
  2444 | D:4      | 2444 ||| FLEEEEING.
  2520 | D:4      | 2520 ||| FLEEEEING.
  2523 | D:4      | 2523 ||| FLEEEEING.
  2652 | D:4      | Killed Ijyb
  2676 | D:4      | 2676 ||| Stepping ~*~*~tactically~*~*~ (outnumbered).
  2723 | D:4      | Reached skill level 6 in Ranged Weapons
  2802 | D:4      | Found a burning altar of Makhleb.
  3367 | D:4      | Found a transporter.
  3374 | D:4      | Noticed qw's ghost (amateur GrHs)
  3454 | D:4      | Identified the ring "Faogaqut" {+Blink MP+9 SInv Stlth+}
  3494 | D:4      | HP: 3/38 [ogre/+0 giant club (13)]
  3495 | D:4      | 3495 ||| READING scroll of teleportation.
  3497 | D:4      | Mangled by an ogre

Levels and vault maps discovered:
D:1:      dpeg_arrival_central, layout_basic
D:2:      layout_loops_cross, basic_altar
D:3:      layout_loops_ring, serial_shops, shop, st_stairs_3
D:4:      layout_basic, mainiacjoe_overflow_concentric_impassable,
          old_standard_altar, gammafunk_ghost_mausoleum, serial_bayou_lagoon_a,
          st_stairs_12, uniq_ijyb

Skill      XL: |  1  2  3  4  5  6 |
---------------+-------------------+-----
Ranged Weapons | 3 5 6 |  6.0
Fighting       | 2 3 4 |  4.1
Dodging        | |  1.5
Spellcasting   | |  1.0
Hexes          | |  2.6

Action                     |  1- 3 |  4- 6 || total
---------------------------+-------+-------++-------
   Fire: Sling             |   138 |   230 ||   368
    Use: Scroll            |     1 |     4 ||     5
 Armour: Robe              |    28 |       ||    28
         Leather armour    |     6 |    49 ||    55
  Dodge: Dodged            |    86 |    92 ||   178
  Block: Other             |       |    28 ||    28

Table legend:
 A = Non-vault XP
 B = Vault XP
 C = Vault XP percentage of total XP
 D = Non-vault monster count
 E = Vault monster count
 F = Vault count percentage of total count
                 A         B        C        D         E       F
            +---------+---------+-------+---------+---------+-------
      Total |     462 |     120 |  20.6 |      72 |       6 |   7.7
            +---------+---------+-------+---------+---------+-------
        D:1 |      51 |       0 |   0.0 |      29 |       0 |   0.0
        D:2 |      32 |       0 |   0.0 |      12 |       0 |   0.0
        D:3 |     120 |       8 |   6.2 |       7 |       3 |  30.0
        D:4 |     259 |     112 |  30.2 |      24 |       3 |  11.1
            +---------+---------+-------+---------+---------+-------
